 Dungeon Crawl Stone Soup version 0.31-a0-960-g0fca184906 (webtiles) character file.

Game seed: 15708557587012360620

5847 arthad the Sneak (level 10, -15/66 HPs)
             Began as a Demonspawn Fire Elementalist on Oct 23, 2023.
             Was an Elder of Vehumet.
             Demolished by an orc warlord
             ... wielding a +5 battleaxe
              (33 damage)
             ... in a bailey.
             The game lasted 00:25:23 (11357 turns).

arthad the Sneak (Demonspawn Fire Elementalist)    Turns: 11357, Time: 00:25:24

Health: -15/66     AC:  7    Str:  8    XL:     10   Next: 51%
Magic:  11/20      EV: 16    Int: 20    God:    Vehumet [****..]
Gold:   558        SH:  0    Dex: 19    Spells: 12/22 levels left

rFire   + . .        r - staff of fire
rCold   + . .        (no shield)
rNeg    . . .        G - +2 robe {Will+}
rPois   .            q - +1 helmet
rElec   .            B - +0 cloak
rCorr   .            (no gloves)
SInv    .            (no boots)
Will    +....        (no amulet)
Stlth   ++++++       A - ring of protection from cold
HPRegen 0.31/turn    (no ring)
MPRegen 0.17/turn

%: no passive effects
@: brilliant
A: hooves 2, thin skeletal structure 2, spiny 1
a: Renounce Religion


You were in a bailey.
You worshipped Vehumet.
Vehumet was greatly pleased with you.
You visited 1 branch of the dungeon, and saw 9 of its levels.
You also visited: Sewer and Bailey.

You collected 558 gold pieces.

Inventory:

Hand Weapons
 f - a +2 short sword of protection
 s - a +4 battleaxe of freezing
 z - a +2 dagger of electrocution
 M - a +0 broad axe
Missiles
 m - 30 poisoned darts
 o - 32 boomerangs
 x - a curare-tipped dart
Armour
 a - a +0 robe
 h - a +0 buckler
 q - a +1 helmet (worn)
 B - a +0 cloak (worn)
 G - a +2 robe of willpower (worn)
 I - a +0 leather armour of fire resistance
Magical Staves
 r - a staff of fire (weapon)
 E - a staff of earth
Jewellery
 A - a ring of protection from cold (left hand)
Talismans
 l - the blade talisman of Niackaal {rN+ Str+4}
   (You found it on level 2 of the Dungeon)

   [blade talisman]

   Str+4:     It affects your strength (+4).
   rN+:       It protects you from negative energy.
Wands
 w - a wand of digging (1)
 y - a wand of mindburst (6)
 H - a wand of iceblast (6)
Scrolls
 j - 3 scrolls of teleportation
 t - a scroll of silence
 v - a scroll of fear
 C - 2 scrolls of summoning
 D - 2 scrolls of blinking
 L - 2 scrolls of enchant armour
Potions
 b - 2 potions of magic
 c - 6 potions of curing
 d - a potion of attraction
 e - 3 potions of degeneration
 g - 3 potions of heal wounds
 i - a potion of ambrosia {unknown}
 k - 4 potions of might
 n - a potion of berserk rage {unknown}
 p - 2 potions of lignification {unknown}
 u - 2 potions of mutation {unknown}
 F - a potion of enlightenment {unknown}
 J - a potion of haste {unknown}
 N - a potion of invisibility {unknown}


   Skills:
 + Level 1.5 Fighting
 + Level 6.6 Dodging
 + Level 7.1 Stealth
 * Level 2.1 Shields
 + Level 6.7 Spellcasting
 + Level 7.0 Conjurations
 + Level 6.9 Fire Magic


You had 12 spell levels left.
You knew the following spells:

 Your Spells              Type           Power      Damage    Failure   Level
a - Foxfire               Conj/Fire      100%       2x1d9     1%          1
b - Scorch                Fire           100%       2d9       1%          2
c - Flame Wave            Conj/Fire      67%        2d15      1%          4
d - Mephitic Cloud        Conj/Pois/Air  24%        N/A       3%          3

Your spell library contained the following spells:

 Spells                   Type           Power      Damage    Failure   Level
 Frozen Ramparts          Ice            20%        1d4       8%          3
 Kiss of Death            Conj/Necr      100%       2d13      1%          1
 Inner Flame              Hex/Fire       46%        N/A       1%          3
 Volatile Blastmotes      Fire/Tloc      92%        2d17      1%          3
 Apportation              Tloc           20%        N/A       10%         1
 Necrotise                Necr           40%        1d6       10%         1
 Summon Small Mammal      Summ           40%        N/A       10%         1
 Cigotuvi's Dreadful Rot  Necr/Pois/Air  20%        N/A       14%         2
 Dispel Undead            Necr           10%        3d9       67%         4
 Agony                    Necr           10%        N/A       95%         5
 Death Channel            Necr           5%         N/A       100%        6
 Death's Door             Necr           5%         N/A       100%        9


Dungeon Overview and Level Annotations

Branches:
Dungeon (9/15)             Temple (0/1) D:7           Sewer (visited)
 Bailey (1/1)
   Lair: D:8-11         Orc: D:9-12

Altars:
Gozag
Kikubaaqudgha
Makhleb
Nemelex Xobeh
Uskayaw
Vehumet
Yredelemnul

Shops:
D:2 [   D:3 [   D:9 :

Annotations:
D:8 2 transporters, SecretSquirrel's ghost, novice GrHu


Innate Abilities, Weirdness & Mutations

You have hoof-like feet.
You have a moderately thin skeletal structure. (Dex +4, Stealth++)
You are partially covered in sharp spines.


Message History

The orc warlord's fire resistance burns away.
The foxfire hits the orc warlord but does no damage.
The orc warlord is lightly wounded.
The foxfire hits the orc warlord.
The orc warlord is lightly wounded.
The foxfire hits the orc warlord but does no damage.
The orc warlord is lightly wounded.
Casting: Scorch (safe; 1% risk of failure)
Confirm with . or Enter, or press ? or * to list all spells.
Aiming: Mephitic Cloud (dangerous; 3% risk of failure)
Press: ? - help, Shift-Dir - straight line, f - orc warlord
Aim: an orc warlord, wielding a +5 battleaxe and wearing a +0 plate armour (lightly wounded, more vulnerable to fire, chance to affect: 29%)
You feel a surge of power!
The ball explodes into a vile cloud!
The stinking cloud engulfs the orc warlord but does no damage.
The orc warlord is lightly wounded.
The orc warlord is engulfed in noxious fumes.
Casting: Mephitic Cloud (dangerous; 3% risk of failure)
Confirm with . or Enter, or press ? or * to list all spells.
Casting: Flame Wave (dangerous; 1% risk of failure)
Press: ? - help, Dir - look around, f - activate You feel a strong surge of power!
A wave of flame ripples out!
The flame wave engulfs the orc warlord!
The orc warlord is burned terribly!
The orc warlord is lightly wounded. (Press . to intensify the flame waves.)
The orc warlord is engulfed in noxious fumes.
The orc warlord hits you with a +5 battleaxe!
A wave of flame ripples out!
The flame wave engulfs the orc warlord!
The orc warlord is burned terribly!
The orc warlord is moderately wounded.
The orc warlord is struck by your spines.
The orc warlord hits you with a +5 battleaxe!!
* * * LOW HITPOINT WARNING * * *
A wave of flame ripples out!
The flame wave engulfs the orc warlord!!
The orc warlord is burned terribly!
The orc warlord is severely wounded.
The orc warlord is no longer more vulnerable to fire.
The orc warlord hits you with a +5 battleaxe!!
Ouch! That really hurt!
You die...

#..........#~~~~~#÷)........
#........÷)).....'....8..8..
#...8......#########........
##......####~~~#~~~##......#
##.....#~~#~.....=~#.....##
##....#§........!~#....##.
#...##§8.8...8.8##....#..
#...'~§§.○°°....#.....'..
#...'~§§@o°∩....#..†..'..
#..))~§§..☼.....#.....'..
#...##§8.8...8.8##....#..
##....#§§.......?~#....##.
##.....#~~#~.....}~#.....##
##......####~~~#~~~##......#
#§..8......#########........
#..........'.....'....8..8..
#........[.#~~~~~#..........


You could see an orc warlord.

Vanquished Creatures
  A two-headed ogre (D:8)
  Pikel (D:8)
  A hornet (D:7)
  2 wyverns
  3 yaks (D:9)
  A steam dragon (D:8)
  5 water moccasins
  Duvessa (D:7)
  3 orc warriors (Bailey)
  A sky beast (D:7)
  An ice beast (D:6)
  A black bear (D:8)
  2 centaurs
  2 ogres
  A phantom (D:5)
  A lemure (D:8)
  2 kobold brigands
  4 bullfrogs
  5 scorpions
  A gnoll sergeant (D:7)
  5 wights
  Dowan (D:7)
  3 killer bees (D:8)
  A howler monkey (D:5)
  4 jellies
  5 orc priests
  A gnoll bouda (D:7)
  3 hounds
  2 iguanas
  4 orc wizards
  Natasha (thrice) (D:4)
  4 adders
  7 gnolls
  4 white imps
  6 ufetubi
  A worm (D:2)
  24 orcs
  22 ball pythons
  4 bats
  15 endoplasms
  15 giant cockroaches
  14 goblins
  15 hobgoblins
  2 jackals (D:1)
  25 kobolds
  10 quokkas
  19 frilled lizards
  5 rats
263 creatures vanquished.

Vanquished Creatures (others)
  827 foxfires
827 creatures vanquished.

Grand Total: 1090 creatures vanquished

Notes
Turn   | Place    | Note
-------+----------+-------------------------------------------
     0 | D:1      | arthad the Demonspawn Fire Elementalist began the quest for
                  | the Orb.
     0 | D:1      | Reached XP level 1. HP: 13/13 MP: 3/3
   226 | D:1      | Gained mutation: You are partially covered in sharp spines.
                  | [demonic ancestry]
   226 | D:1      | Reached XP level 2. HP: 19/19 MP: 3/5
  1157 | D:1      | Gained mutation: You have large cloven feet. [demonic
                  | ancestry]
  1157 | D:1      | Reached XP level 3. HP: 24/24 MP: 4/6
  1290 | D:2      | Found Suitum's Armour Shoppe.
  1466 | D:2      | Identified the blade talisman of Niackaal {rN+ Str+4}
  1562 | D:2      | Reached XP level 4. HP: 30/30 MP: 1/7
  1682 | D:2      | Found a faded altar of an unknown god.
  2550 | D:3      | Learned a level 2 spell: Scorch
  2555 | D:3      | Learned a level 4 spell: Flame Wave
  3161 | D:3      | Found Utees's Antique Armour Shoppe.
  3638 | D:4      | Identified the "Yskopp"
  3703 | D:4      | Found an opulent altar of Gozag.
  3703 | D:4      | Found a sparkling altar of Nemelex Xobeh.
  3703 | D:4      | Noticed an ogre
  3708 | D:4      | Killed an ogre
  3709 | D:4      | Reached XP level 5. HP: 35/35 MP: 3/9
  3812 | D:4      | Found a hide-covered altar of Uskayaw.
  3855 | D:4      | Found a radiant altar of Vehumet.
  3860 | D:4      | Became a worshipper of Vehumet
  3924 | D:4      | Found a basalt altar of Yredelemnul.
  4181 | D:4      | Noticed Natasha
  4185 | D:4      | Killed Natasha
  4186 | D:4      | Gained mutation: You have a somewhat thin skeletal
                  | structure. (Dex +2, Stealth+) [demonic ancestry]
  4186 | D:4      | Reached XP level 6. HP: 41/41 MP: 5/10
  4625 | D:5      | Entered Level 5 of the Dungeon
  4923 | D:4      | Noticed Natasha
  4923 | D:4      | Found a burning altar of Makhleb.
  4923 | D:4      | Found an ancient bone altar of Kikubaaqudgha.
  4925 | D:4      | Killed Natasha
  5351 | D:5      | Gained mutation: You have hoof-like feet. [demonic
                  | ancestry]
  5351 | D:5      | Reached XP level 7. HP: 46/46 MP: 7/12
  5701 | D:4      | Noticed Natasha
  5712 | D:4      | Killed Natasha
  6141 | D:6      | Reached * piety under Vehumet
  6141 | D:6      | Offered knowledge of Freeze by Vehumet.
  6279 | D:6      | Found a glowing drain.
  6309 | Sewer    | Entered a sewer
  6818 | Sewer    | Offered knowledge of Magic Dart by Vehumet.
  6819 | Sewer    | Reached ** piety under Vehumet
  6835 | Sewer    | Reached XP level 8. HP: 52/52 MP: 7/14
  7234 | D:6      | Reached skill level 5 in Fire Magic
  7389 | D:6      | Reached skill level 5 in Stealth
  7790 | D:6      | Reached skill level 5 in Conjurations
  7980 | D:6      | Reached skill level 5 in Spellcasting
  8012 | D:7      | Noticed Duvessa
  8012 | D:7      | Noticed Dowan
  8280 | D:7      | Offered knowledge of Mephitic Cloud by Vehumet.
  8287 | D:7      | Reached skill level 5 in Dodging
  8355 | D:7      | Found a staircase to the Ecumenical Temple.
  8441 | D:7      | Noticed a hornet
  8443 | D:7      | Reached XP level 9. HP: 55/57 MP: 14/16
  8603 | D:7      | Killed Dowan
  8607 | D:7      | Killed Duvessa
  9178 | D:7      | Reached *** piety under Vehumet
  9637 | D:8      | Noticed a two-headed ogre
  9645 | D:8      | Killed a two-headed ogre
  9807 | D:8      | Noticed Pikel
  9816 | D:8      | Killed Pikel
  9817 | D:8      | Gained mutation: You have a moderately thin skeletal
                  | structure. (Dex +4, Stealth++) [demonic ancestry]
  9817 | D:8      | Reached XP level 10. HP: 63/63 MP: 11/19
 10109 | D:8      | Found a transporter.
 10113 | D:8      | Noticed SecretSquirrel's ghost (novice GrHu)
 10117 | D:8      | Noticed a moth of wrath
 10129 | D:8      | Found a transporter.
 10247 | D:8      | Learned a level 3 spell: Mephitic Cloud
 10296 | D:8      | Offered knowledge of Brom's Barrelling Boulder by Vehumet.
 10512 | D:8      | You fall into a shaft and drop 1 floor!
 10512 | D:9      | Found Uguddic's Vocational Training.
 10586 | D:9      | Reached skill level 1 in Shields
 10605 | D:9      | Reached skill level 1 in Fighting
 10863 | D:9      | Found a flagged portal.
 10909 | Bailey   | Entered a bailey
 10914 | Bailey   | Noticed an orc warlord
 10950 | Bailey   | Reached **** piety under Vehumet
 10968 | Bailey   | Offered knowledge of Frozen Ramparts by Vehumet.
 11098 | Bailey   | Found a runed translucent gate.
 11101 | Bailey   | Found a runed translucent gate.
 11259 | Bailey   | Found a runed translucent gate.
 11357 | Bailey   | Demolished by an orc warlord

Illustrated notes

Levels and vault maps discovered:
D:1:      wheals_arrival_shading, layout_basic, kennysheep_crisscross
D:2:      layout_basic, serial_shops, shop,
          shapermc_ecumenical_altar_mp_highgroup
D:3:      layout_loops_ring, elyvilon_altar_4, serial_shops,
          nicolae_shop_peninsula, chequers_avenue, roderic_lattice_a
D:4:      kb_forest_paths, layout_cave_pools, gammafunk_temple_overflow_statue,
          mainiacjoe_overflow_catwalk, nicolae_overflow_hidden_temple,
          grunt_temple_overflow_opulence, uniq_natasha
D:5:      layout_rooms, serial_co_window_serial, co_window_of_opportunity_a,
          co_window_paths_a, co_window_paths_b, co_window_of_opportunity_a,
          co_window_of_opportunity_a, co_window_corner_b, co_window_broadway_a,
          co_window_2corner, co_window_paths_c, co_window_2corner,
          co_window_2corner, co_window_corner_b, co_window_4corner_a
D:6:      layout_gridville, portal_sewer_entry_d
D:7:      layout_gridville, minmay_temple_entry_junction_2, uniq_duvessa
D:8:      layout_loops_ring, gammafunk_ghost_berserking_beasts, uniq_pikel
D:9:      layout_loops_corners, enter_bailey_4, nicolae_shop_vocational
Bailey:   bailey_axe_bossmonster_kennysheep, bailey

Skill      XL: |  1  2  3  4  5  6  7  8  9 10 |
---------------+-------------------------------+-----
Stealth        | 2 3 4 5 6 7 |  7.1
Dodging        | 2 3 4 5 6 |  6.6
Fire Magic     | 3 4 5 6 |  6.9
Conjurations   | 2 3 4 5 6 7 |  7.0
Spellcasting   | 3 4 5 6 |  6.7
Shields        | 2 |  2.1
Fighting       | 1 |  1.5

Action                     |  1- 3 |  4- 6 |  7- 9 | 10-12 || total
---------------------------+-------+-------+-------+-------++-------
  Melee: Unarmed           |    10 |     6 |       |       ||    16
         Kick              |     1 |     4 |       |       ||     5
         Staff             |       |     4 |       |     4 ||     8
   Cast: Foxfire           |    59 |    97 |   228 |    97 ||   481
         Scorch            |       |    11 |    33 |    23 ||    67
         Flame Wave        |       |       |     6 |     5 ||    11
         Mephitic Cloud    |       |       |       |     1 ||     1
    Use: Scroll            |       |       |    14 |     2 ||    16
         Potion            |       |       |     1 |     2 ||     3
 Armour: Robe              |    10 |    12 |    25 |    16 ||    63
  Dodge: Dodged            |    12 |    21 |    28 |    14 ||    75

Table legend: (Time is in decaauts)
 A = Elapsed time spent in this place.
 B = Non-inter-level travel time spent in this place.
 C = Inter-level travel time spent in this place.
 D = Time resting spent in this place.
 E = Time spent auto-exploring this place.
 F = Levels seen in this place.
 G = Mean time per level.
                   A        B        C        D        E       F      G
               +--------+--------+--------+--------+--------+-----+--------+
         Total |  11447 |  10913 |    534 |    260 |   8901 |  11 | 1040.6 |
       Dungeon |  10333 |   9799 |    534 |    260 |   8152 |   9 | 1148.1 |
         Sewer |    656 |    656 |      0 |      0 |    402 |   1 |  656.0 |
        Bailey |    457 |    457 |      0 |      0 |    346 |   1 |  457.0 |
               +--------+--------+--------+--------+--------+-----+--------+

Top non-repeatable levels by time:
     D:7: 1484 daAuts
     D:6: 1382 daAuts
     D:4: 1271 daAuts
     D:2: 1262 daAuts
     D:1: 1256 daAuts
     D:5: 1244 daAuts
     D:3: 1151 daAuts
     D:8: 879 daAuts
   Sewer: 656 daAuts
  Bailey: 457 daAuts
     D:9: 400 daAuts
